 Dungeon Crawl Stone Soup version 0.17-a0-1313-ge10e169 (webtiles) character file.

2340 joker5 the Ducker (level 9, -2/85 HPs)
             Began as a Troll Berserker on June 8, 2015.
             Was an Elder of Trog.
             Shot with an arrow by a centaur (8 damage)
             ... on level 7 of the Dungeon.
             The game lasted 00:25:51 (3800 turns).

joker5 the Ducker (Troll Berserker)                 Turns: 3800, Time: 00:25:51

Health: -2/85      AC: 10    Str: 29    XL:     9   Next: 20%
Magic:  17/17      EV: 12    Int:  3    God:    Trog [****..]
Gold:   281        SH:  0    Dex: 10    Spells: 0 memorised, 8 levels left

rFire  . . .     SeeInvis .       - Unarmed
rCold  . . .     Clarity  .     a - +1 animal skin
rNeg   . . .     SustAt   .     (no shield)
rPois  .         Gourm    +     (helmet restricted)
rElec  .         Spirit   .     (no cloak)
rCorr  .         Warding  .     (gloves unavailable)
rMut   .         Stasis   .     (boots unavailable)
MR     .....                    l - amulet of rage
Stlth  ++........               (no ring)
                                e - ring of magical power

@: exhausted, slowed, very slow, not resistant to hostile enchantments,
unstealthy
A: unfitting armour, claws 3, iridescent scales 1, fast metabolism 3, gourmand,
regeneration 2, shaggy fur 1, spit poison 1, tough skin 2, subdued magic 1
a: Spit Poison, Burn Spellbooks, Berserk, Trog's Hand, Brothers in Arms,
Renounce Religion, Evoke Berserk Rage


You were on level 7 of the Dungeon.
You worshipped Trog.
Trog was greatly pleased with you.
You were not hungry.

You visited 1 branch of the dungeon, and saw 7 of its levels.

You collected 281 gold pieces.

Inventory:

Hand weapons
 h - a +1 hunting sling
 u - a +0 scythe
 B - a +0 shortbow
Missiles
 g - 16 poisoned needles
 C - 8 arrows of flame
Armour
 a - a +1 animal skin (worn)
 c - a +0 robe
 j - a +0 helmet
Jewellery
 e - a ring of magical power (left claw)
 l - an amulet of rage (around neck)
Magical devices
 s - a wand of cold (1)
 y - a wand of cold (9)
 z - a wand of flame (31)
Scrolls
 d - 4 scrolls of fog
 f - a scroll of magic mapping
 p - 2 scrolls of identify
 q - 2 scrolls of teleportation
 r - 3 scrolls of remove curse
 t - a scroll of enchant weapon
Potions
 m - a potion of brilliance
 n - 4 potions of lignification
 v - a potion of invisibility
 w - a potion of magic
 A - a potion of agility
Comestibles
 b - 3 bread rations
 i - a slice of pizza
 k - 3 fruits
 o - 2 meat rations
 x - 2 beef jerkies


   Skills:
 + Level 4.5 Fighting
 + Level 1.4 Polearms
 * Level 3.6 Armour
 + Level 6.5 Dodging
 * Level 3.4 Stealth
 + Level 5.6 Unarmed Combat


You had 8 spell levels left.
You didn't know any spells.

Dungeon Overview and Level Annotations

Branches:
Dungeon (7/15)
 Temple: D:4-7

Altars:
Trog
Xom
Zin
The Shining One

Shops:
D:4 [   D:6 (


Innate Abilities, Weirdness & Mutations

You are too large for most types of armour.
You have claws for hands.
Your metabolism is lightning-fast.
You like to eat raw meat.
You heal very quickly.
You are covered in fur (AC +1).
You have very tough skin (AC +2).
You are partially covered in iridescent scales (AC +4).
You can spit weak poison.
Your spells are a little easier to cast, but a little less powerful.


Message History

You destroy the wight!
You feel a strong urge to attack something.
A wight comes into view. It is wielding a battleaxe.
The centaur shoots an arrow.
The arrow hits you.
* * * LOW HITPOINT WARNING * * *
You see here an arrow.
The centaur shoots an arrow.
The arrow hits you!
* * * LOW HITPOINT WARNING * * *
You see here an arrow.
You feel your anger subside.
You are no longer berserk.
Trog's vigour flows through your veins.
You are exhausted.
You feel yourself slow down.
You claw the wight!
The wight is almost destroyed.
The wight hits you but does no damage.
You completely miss the wight. You claw the wight.
You destroy the wight!
The centaur shoots an arrow.
The arrow hits you!
You die...

....# #......# ....#..
...## #......##.......
....# #...............
....#####........c....#
....#..........(..Z...#
......###......#)...#.#
...............(...z.z#
........###....)#.###...
.....#........§.@...# #.
####.##.##...§..##......
### .# ##.....# .####.
.... . ..[......# ..
###. ........... .|. ..
........... ##
##########.. #.# ##


You could see a centaur, a wight and a giant frog skeleton.

Vanquished Creatures
  Pikel (D:5)
  A troll (D:7)
  Sigmund (D:4)
  The ghost of tinkerttoy the Poker, an average MfAK of Fedhas (D:3)
  2 ogres
  2 centaurs
  A big kobold (D:7)
  2 scorpions (D:6)
  4 killer bees (D:6)
  2 wights (D:7)
  A hound (D:4)
  2 centaur zombies (D:6)
  A crimson imp (D:6)
  5 orc priests
  Ijyb (D:2)
  2 giant frog skeletons
  Natasha (twice) (D:4)
  An orc wizard (D:4)
  A worker ant (D:4)
  5 adders
  A shadow imp (D:6)
  An adder skeleton (D:5)
  6 worms
  4 giant geckos
  19 orcs
  2 ball pythons (D:1)
  3 giant cockroaches
  8 hobgoblins
  9 jackals
  8 kobolds
  6 quokkas
  12 bats
  A giant cockroach zombie (D:6)
  4 giant newts
  4 goblins
  A jackal zombie (D:6)
  2 quokka skeletons
  8 rats
137 creatures vanquished.

Vanquished Creatures (others)
  A giant cockroach (D:6)
  4 toadstools (D:1)
5 creatures vanquished.

Grand Total: 142 creatures vanquished

Notes
Turn   | Place    | Note
--------------------------------------------------------------
     0 | D:1      | joker5 the Troll Berserker began the quest for the Orb.
     0 | D:1      | Reached XP level 1. HP: 22/22 MP: 0/0
   202 | D:1      | Gained mutation: Your spells are a little easier to cast, but a little less powerful. [potion of mutation]
   202 | D:1      | Gained mutation: You can spit weak poison. [potion of mutation]
   202 | D:1      | Gained mutation: You are partially covered in iridescent scales (AC +4). [potion of mutation]
   212 | D:1      | Reached XP level 2. HP: 29/29 MP: 1/1
   640 | D:2      | Reached XP level 3. HP: 36/36 MP: 2/2
   641 | D:2      | Acquired Trog's second power
   804 | D:2      | Noticed Ijyb
   834 | D:2      | Killed Ijyb
   834 | D:2      | Reached XP level 4. HP: 40/44 MP: 3/3
  1257 | D:3      | Noticed an ogre
  1269 | D:3      | Killed an ogre
  1269 | D:3      | Reached skill level 1 in Stealth
  1269 | D:3      | Reached skill level 4 in Unarmed Combat
  1269 | D:3      | Reached XP level 5. HP: 52/52 MP: 4/4
  1434 | D:3      | Noticed tinkerttoy's ghost (average MfAK)
  1451 | D:3      | Killed tinkerttoy's ghost
  1451 | D:3      | Reached XP level 6. HP: 55/61 MP: 5/5
  1566 | D:3      | Found a glowing golden altar of the Shining One.
  1717 | D:4      | Reached skill level 1 in Armour
  1717 | D:4      | Reached XP level 7. HP: 46/67 MP: 5/6
  1735 | D:4      | Noticed Natasha
  1738 | D:4      | Noticed Sigmund
  1746 | D:4      | Killed Natasha
  1749 | D:4      | Killed Sigmund
  1749 | D:4      | Reached skill level 5 in Unarmed Combat
  2117 | D:4      | Found Gaaf's Armour Shoppe.
  2211 | D:4      | Noticed Natasha
  2221 | D:4      | Killed Natasha
  2413 | D:4      | Reached skill level 5 in Dodging
  2429 | D:5      | Entered Level 5 of the Dungeon
  2505 | D:5      | Acquired Trog's third power
  2575 | D:5      | Noticed Pikel
  2583 | D:5      | Killed Pikel
  2583 | D:5      | Reached skill level 1 in Polearms
  2583 | D:5      | Reached XP level 8. HP: 78/78 MP: 7/7
  2889 | D:6      | Found Xedweut's Antique Weapon Shoppe.
  3084 | D:6      | HP: 2/78 [killer bee (9)]
  3093 | D:6      | Reached skill level 6 in Dodging
  3252 | D:6      | Found a bloodstained altar of Trog.
  3252 | D:6      | Found a shimmering altar of Xom.
  3669 | D:7      | Noticed a troll
  3678 | D:7      | Killed a troll
  3678 | D:7      | Reached XP level 9. HP: 85/85 MP: 8/8
  3771 | D:7      | Found a glowing silver altar of Zin.
  3797 | D:7      | HP: 6/127 [centaur/arrow (11)]
  3800 | D:7      | Shot with an arrow by a centaur

Vault maps used:
D:1:      ldierk_walled_garden_2, minmay_close_crescents
D:2:      kennysheep_potato, uniq_iyjb
D:3:      first_bread, nicolae_tso_swordbearing_angel
D:4:      temple_green, serial_shops, kennysheep_mini_moat,
          minmay_misc_feat_secret_circle, uniq_sigmund, uniq_natasha
D:5:      uniq_pikel
D:6:      amethyst_overflow_temple_binary, serial_shops, shop, minivault_4
D:7:      basic_altar, kennysheep_another_room, hangedman_abyss_or_decor_slice

Action                   |  1- 3 |  4- 6 |  7- 9 || total
-------------------------+-------+-------+-------++-------
Melee: Unarmed           |    97 |   104 |   189 ||   390
       Scythe            |       |       |    34 ||    34
Invok: Berserk           |     2 |     2 |     5 ||     9
       Trog's Hand       |       |     1 |       ||     1
 Abil: Spit Poison       |     1 |       |       ||     1
  Use: Potion            |     6 |     2 |     4 ||    12
       Scroll            |     2 |     5 |     4 ||    11
 Stab: Sleeping          |       |     2 |     1 ||     3
       Distracted        |       |       |     1 ||     1
       Invisible         |       |       |     3 ||     3
  Eat: Chunk             |    13 |     9 |    22 ||    44
